 Dungeon Crawl Stone Soup version 0.20-a0-548-g4f8a798 (webtiles) character file.

66 Amnesiac the Twirler (level 3, -8/29 HPs)
             Began as a Mummy Gladiator on Feb 1, 2017.
             Killed from afar by Ijyb (13 damage)
             ... with a wand of acid (?/15)
             ... on level 2 of the Dungeon.
             The game lasted 00:02:58 (1597 turns).

Amnesiac the Twirler (Mummy Gladiator)              Turns: 1597, Time: 00:02:58

Health: -8/29      AC:  9    Str: 17    XL:     3   Next: 96%
Magic:  3/3        EV: 10    Int:  7    God:
Gold:   75         SH:  0    Dex: 14    Spells: 2/2 levels left

rFire    x . .     SeeInvis .   a - +0 quarterstaff
rCold    + . .     Gourm    .   g - +1 scale mail
rNeg     + + +     Faith    .   (shield currently unavailable)
rPois    ∞         Spirit   .   c - +0 helmet
rElec    .         Reflect  .   (no cloak)
rCorr    .         Harm     .   i - +0 pair of gloves
MR       .....                  (no boots)
Stlth    ..........             (no amulet)
Regen    0.1/turn               (no ring)
                                (no ring)

@: no status effects
A: no food or potions, fire vulnerability, cold resistance 1, negative energy
resistance 3, torment resistance, unbreathing
a: no special abilities


You were on level 2 of the Dungeon.
You were not hungry.

You visited 1 branch of the dungeon, and saw 3 of its levels.

You collected 75 gold pieces.

Inventory:

Hand Weapons
 a - a +0 quarterstaff (weapon)
 k - a +2 dagger of venom
Missiles
 d - 2 throwing nets (quivered)
Armour
 b - a +0 leather armour
 c - a +0 helmet (worn)
 g - a +1 scale mail (worn)
 i - a +0 pair of gloves (worn)
Scrolls
 f - a scroll of magic mapping {unknown}
 h - a scroll of identify {unknown}


   Skills:
 + Level 3.0 Fighting
 * Level 3.5 Staves
 - Level 1.5 Throwing
 - Level 2.4 Dodging


You had 2 spell levels left.
You didn't know any spells.

Dungeon Overview and Level Annotations

Branches:
Dungeon (3/15)

Altars:
Ashenzari

Annotations:
D:2 Ijyb
D:3 Robin


Innate Abilities, Weirdness & Mutations

You do not eat or drink.
Your flesh is vulnerable to fire.
You are immune to poison.
Your flesh is cold resistant. (rC+)
You are immune to negative energy. (rN+++)
You are immune to unholy pain and torment.
You can survive without breathing.


Message History

You sock the kobold!
You kill the kobold!
Ijyb zaps a wand.
The bolt of acid hits you!
You are splashed with acid!
The acid burns!
* * * LOW HITPOINT WARNING * * *
It is a wand of acid (?/15).
Throwing (i - inventory):
d - 3 throwing nets (quivered)
Press: ? - help, Shift-Dir - straight line, f - Ijyb
Aim: Ijyb, wielding a dagger of protection and carrying a wand of acid (?/15) {zapped: 1} (unusually strong)
You throw a throwing net. The throwing net barely misses Ijyb.
Ijyb no longer looks unusually strong.
As you read the scroll labeled BEOPSIXK VIPP, it crumbles to dust.
It is a scroll of enchant armour.
Your +0 scale mail glows green for a moment.
Ijyb hits you but does no damage.
As you read the scroll labeled FUEGALL JARA, it crumbles to dust.
The scroll dissolves into smoke.
It was a scroll of fog.
Ijyb hits you but does no damage.
Ijyb zaps a wand.
The bolt of acid hits you!
You die...

................#
######.#.####.
#################
#>)........... .#######
#)####.#.###.. .....÷.# #)#
#.#.# #.. .#####.# ##.##
#...# #.. .#
##.############.(.####).# #..
.# #.........§§§g§......#..#
#.# .#
#..########§§##...##.#..# #.#
.# #..# #§@###.###.#..# #.#
.####..###### #§§# #.# #.#..#
#.# ............# #..# #.#
#.#).# #.# .####..####.#
#..###.###.#..# #.# .# #..#
#.# #............>###.# .#
#..####.###.####.......(.)..#
.# #...........#
#####.....#### .#
#.......############.###.##..
.# #######.######.......#
#.##.#


You could see Ijyb.

Vanquished Creatures
  An adder (D:2)
  A dart slug (D:2)
  2 leopard geckos (D:2)
  2 orcs (D:2)
  A ball python (D:2)
  7 bats
  2 giant cockroaches (D:2)
  11 goblins
  8 hobgoblins
  2 quokkas (D:2)
  A frilled lizard (D:2)
  3 kobolds (D:2)
  A rat (D:2)
42 creatures vanquished.

Notes
Turn   | Place    | Note
-------+----------+-------------------------------------------
     0 | D:1      | Amnesiac the Mummy Gladiator began the quest for the Orb.
     0 | D:1      | Reached XP level 1. HP: 16/16 MP: 1/1
   176 | D:2      | Reached XP level 2. HP: 23/23 MP: 2/2
   438 | D:2      | Found a shattered altar of Ashenzari.
   858 | D:2      | Reached XP level 3. HP: 28/28 MP: 3/3
   934 | D:3      | Noticed Robin
  1399 | D:3      | Noticed Ijyb
  1597 | D:2      | Killed from afar by Ijyb

Vault maps used:
D:1:      lightli_arrival_maybe_door_vault, due_unseen_surprise
D:2:      ashenzari_altar_1
D:3:      uniq_iyjb, uniq_robin

Skill      XL: |  1  2  3 |
---------------+----------+-----
Staves         | 3 |  3.5
Fighting       | 3 |  3.0
Throwing       | |  1.5
Dodging        | |  2.4

Action                   || total
-------------------------++-------
Melee: Quarterstaff      ||    93
Throw: Throwing net      ||     1
  Use: Scroll            ||     2
Armor: Leather armour    ||     9
       Scale mail        ||    50
Dodge: Dodged            ||    84
